 Dungeon Crawl Stone Soup version 0.27-a0-1081-ge8a0a9c698 (webtiles) character file.

Game seed: 3721536360627246554

209 sanka the Magician (level 5, -2/40 HPs)
             Began as a Djinni Summoner on Apr 25, 2021.
             Slain by a wight
             ... wielding a +5 hand axe of freezing
              (3 damage)
             ... on level 4 of the Dungeon.
             The game lasted 00:06:48 (4239 turns).

sanka the Magician (Djinni Summoner)                Turns: 4239, Time: 00:06:48

Health: -2/40      AC:  7    Str:  7    XL:     5   Next: 87%
Gold:   110        EV: 13    Int: 18    God:
                   SH:  0    Dex: 13

rFire    + + .     SeeInvis .   k - +0 long sword
rCold    x . .     Faith    .   (no shield)
rNeg     . . .     Spirit   .   a - +1 robe
rPois    ∞         Reflect  .   (no helmet)
rElec    .         Harm     .   (no cloak)
rCorr    .         Rampage  .   (no gloves)
Will     .....                  (boots unavailable)
Stlth    ++........             o - amulet of regeneration
HPRegen  1.13/turn              (no ring)
MPRegen  0.00/turn              g - +4 ring of protection

@: flying
A: fire resistance 2, cold vulnerability 1, float, innate caster, hp casting,
extra vitality 1
a: no special abilities


You were on level 4 of the Dungeon.
You visited 1 branch of the dungeon, and saw 4 of its levels.

You collected 110 gold pieces.


Innate Abilities, Weirdness & Mutations

You are immune to poison.
Your flesh is very heat resistant. (rF++)
You are vulnerable to cold. (rC-)
You float through the air rather than walking.
You learn spells naturally, not from books.
Your magical power is your life essence.
You have superior vitality. (+4 HP)


   Skills:
 + Level 2.9 Fighting
 + Level 4.1 Dodging
 - Level 1.5 Stealth
 + Level 4.5 Spellcasting


You couldn't memorise any spells.
You knew the following spells:

 Your Spells              Type           Power      Damage    Failure   Level
c - Call Canine Familiar  Summ           20%        N/A       7%          3
u - Poisonous Vapours     Pois/Air       40%        N/A       3%          2
v - Summon Ice Beast      Ice/Summ       20%        N/A       22%         4
x - Call Imp              Summ           20%        N/A       3%          2
y - Summon Small Mammal   Summ           80%        N/A       2%          1
z - Freeze                Ice            80%        1d9       2%          1
X - Summon Lightning Spi  Summ/Air       20%        N/A       22%         4
Z - Summon Guardian Gole  Hex/Summ       20%        N/A       7%          3
Your spell library was empty.

Inventory:

Hand Weapons
 k - a +0 long sword (weapon)
Armour
 a - a +1 robe (worn)
Jewellery
 e - an amulet of reflection
 g - a +4 ring of protection (right hand)
 o - an amulet of regeneration (around neck)
Wands
 j - a wand of polymorph (2)
Scrolls
 d - a scroll of holy word {unknown}
 f - a scroll of enchant armour
 h - a scroll of immolation {unknown}
 i - a scroll of noise {unknown}
 p - a scroll of magic mapping {unknown}
Potions
 b - a potion of magic
 c - a potion of lignification {unknown}
 l - 2 potions of haste {@q3}
 m - 2 potions of heal wounds {unknown}
 n - 3 potions of brilliance

Dungeon Overview and Level Annotations

Branches:
Dungeon (4/15)
 Temple: D:4-7

Altars:

Annotations:
D:4 Blork the orc, Pikel

▒.......▒▒▒▒▒▒..▒▒▒
▒ ▒.......▒ ▒▒...▒
▒▒▒▒▒...▒ ▒▒▒.▒▒▒▒
▒▒..▒ ▒....▒▒▒ ▒.S▒
▒▒▒▒...▒ ▒..▒ ▒▒▒.▒
▒▒.▒ ▒.▒ ▒5▒ ▒..
▒R▒ ▒▒▒. ▒z▒▒ ▒...
▒5.▒ ▒▒▒▒▒▒.▒▒ ▒..▒
▒▒......▒▒ ▒..▒
▒▒......(..
▒..▒▒▒▒▒..▒.▒▒▒▒▒▒
▒........▒†.▒▒▒▒▒▒
▒▒..▒...........).
▒▒.▒....▒▒▒▒▒▒▒▒▒


You could see a wight (ally target), a ball python and 2 friendly crimson imps.


Message History

Unknown command.
You closely miss the wight.
The wight is heavily damaged.
Your white imp hits the wight but does no damage.
The wight hits you with a +5 hand axe of freezing!
The wight freezes you.
The wight hits your white imp with a +5 hand axe of freezing.
Your white imp dies!
Unknown command.
You hit the wight.
The wight is heavily damaged.
The wight hits you with a +5 hand axe of freezing!
* * * LOW HITPOINT WARNING * * *
The wight freezes you.
* * * LOW HITPOINT WARNING * * *
Unknown command.
A beastly little devil appears in a puff of flame.
* * * LOW HITPOINT WARNING * * *
The wight hits you with a +5 hand axe of freezing!
* * * LOW HITPOINT WARNING * * *
The wight freezes you.
* * * LOW HITPOINT WARNING * * *
The ball python hisses angrily.
Your crimson imp closely misses the wight.
A beastly little devil appears in a puff of flame.
* * * LOW HITPOINT WARNING * * *
The wight hits you with a +5 hand axe of freezing!
* * * LOW HITPOINT WARNING * * *
The wight freezes you.
You die...

Action                   |  1- 3 |  4- 6 || total
-------------------------+-------+-------++-------
Melee: Unarmed           |    45 |       ||    45
       Long sword        |     5 |    13 ||    18
 Cast: Summon Small Mamm |    52 |       ||    52
       Call Imp          |     9 |    11 ||    20
       Freeze            |       |    31 ||    31
       Summon Guardian G |       |     1 ||     1
  Use: Scroll            |       |     1 ||     1
       Potion            |       |     3 ||     3
 Stab: Sleeping          |       |     1 ||     1
Armor: Robe              |    13 |    22 ||    35
Dodge: Dodged            |    46 |    40 ||    86
Block: Other             |     9 |     9 ||    18
       Reflection        |       |     1 ||     1
       Rpst.: Long sword |     1 |    11 ||    12

Levels and vault maps discovered:
D:1:      dpeg_arrival_tiny_a, layout_basic
D:2:      layout_loops_ring, minmay_tiny_reverse_x, uniq_natasha
D:3:      layout_loops_ring, basic_ecumenical_altar
D:4:      layout_rooms, uniq_blork_the_orc, uniq_pikel

Notes
Turn   | Place    | Note
-------+----------+-------------------------------------------
     0 | D:1      | sanka the Djinni Summoner began the quest for the Orb.
     0 | D:1      | Reached XP level 1. HP: 15/15 MP: 0/0
   381 | D:1      | HP: 1/16 [frozen (6)]
   873 | D:1      | Reached XP level 2. HP: 11/22 MP: 0/0
  2111 | D:2      | Reached skill level 1 in Fighting
  2350 | D:2      | Noticed Natasha
  2361 | D:2      | Killed Natasha
  2362 | D:2      | Reached XP level 3. HP: 20/27 MP: 0/0
  2362 | D:2      | Learned a level 1 spell: Freeze
  2447 | D:2      | Noticed Natasha
  2455 | D:2      | Killed Natasha
  2456 | D:2      | Reached skill level 3 in Dodging
  2465 | D:2      | Noticed Natasha
  2474 | D:2      | Killed Natasha
  2475 | D:2      | Reached skill level 4 in Spellcasting
  2621 | D:2      | Reached XP level 4. HP: 26/33 MP: 0/0
  2856 | D:3      | You are sucked into a shaft and drop 1 floor!
  2856 | D:4      | Noticed a lemure
  2856 | D:4      | Noticed a lemure
  2856 | D:4      | Noticed Pikel
  2857 | D:4      | Noticed Blork the orc
  2857 | D:4      | Noticed a lemure
  2857 | D:4      | Noticed a lemure
  3034 | D:3      | Found a faded altar of an unknown god.
  3151 | D:3      | Reached skill level 2 in Fighting
  3375 | D:3      | Reached XP level 5. HP: 32/39 MP: 0/0
  3375 | D:3      | Learned a level 2 spell: Poisonous Vapours
  4209 | D:4      | Reached skill level 4 in Dodging
  4239 | D:4      | HP: 1/40 [wight/+5 hand axe of freezing (8)]
  4239 | D:4      | Slain by a wight

Vanquished Creatures
  An orc priest (D:3)
  2 orc wizards (D:3)
  A hound skeleton (D:2)
  4 orcs
  A ball python (D:3)
  A giant cockroach (D:1)
  2 goblins (D:3)
  5 hobgoblins
  A frilled lizard (D:3)
  2 kobolds (D:3)
  5 rats
25 creatures vanquished.

Vanquished Creatures (collateral kills)
  Natasha (thrice) (D:2)
  2 orcs (D:2)
  6 ball pythons
  3 endoplasms
  A hobgoblin (D:1)
  2 quokkas
  2 bats (D:1)
  A frilled lizard (D:1)
  3 kobolds
  3 rats (D:1)
26 creatures vanquished.

Vanquished Creatures (others)
  A wight (D:4)
  A kobold (D:3)
2 creatures vanquished.

Grand Total: 53 creatures vanquished
